 Dungeon Crawl Stone Soup version 0.26-a0-651-gb41185065b (webtiles) character file.

Game seed: 12314233852992857796

114836 Flugslaktarn the Severer (level 16, -2/136 HPs)
             Began as a Merfolk Fighter on Oct 28, 2020.
             Was an Initiate of Gozag.
             Slain by Arachne
             ... wielding an uncursed staff of poison
              (7 damage)
             ... on level 1 of the Spider Nest.
             The game lasted 00:18:54 (31392 turns).

Flugslaktarn the Severer (Merfolk Fighter)         Turns: 31392, Time: 00:18:54

Health: -2/136     AC: 32    Str: 22      XL:     16   Next: 67%
Magic:  0/16       EV:  9    Int:  8      God:    Gozag
Gold:   4778       SH:  0    Dex: 18 (21) Spells: 15/15 levels left

rFire    + . .     SeeInvis .   b - +9 battleaxe (flame)
rCold    . . .     Faith    .   (shield currently unavailable)
rNeg     + + +     Spirit   +   O - +7 chain mail of Kavior {*Drain rN+++ Str+4 Dex+3}
rPois    .         Reflect  .   v - +2 hat {MR+}
rElec    .         Harm     .   i - +2 cloak
rCorr    .         Rampage  .   A - +2 pair of gloves
MR       +++..                  a - +2 pair of boots
Stlth    ..........             P - amulet of guardian spirit
HPRegen  0.32/turn              f - ring of protection from fire
MPRegen  0.15/turn              j - +4 ring of slaying

@: lethally poisoned (-2 -> -13), held
A: change form in water, swift swim, stealthy swim, large bone plates 1, thin
metallic scales 2, deterioration 1, magic resistance 1, screaming 1
a: Potion Petition, Call Merchant, Bribe Branch, Renounce Religion


You were on level 1 of the Spider Nest.
You worshipped Gozag.
Gozag was most pleased with you.
You visited 5 branches of the dungeon, and saw 26 of its levels.
You also visited: Volcano.

You collected 9489 gold pieces.
You spent 2448 gold pieces at shops.
You paid 2263 gold pieces to Gozag.

Inventory:

Hand Weapons
 b - a +9 battleaxe of flaming (weapon)
   (You took it off a wight on level 9 of the Dungeon)
 y - a +0 broad axe of flaming
   (You took it off Maggie on level 9 of the Dungeon)
 N - a +1 dagger of distortion
   (You took it off Sonja on level 1 of the Lair of Beasts)
Missiles
 u - 6 throwing nets (quivered)
Armour
 a - a +2 pair of boots (worn)
   (You found it on level 5 of the Dungeon)
 i - a +2 cloak (worn)
   (You took it off Crazy Yiuf on level 3 of the Dungeon)
 v - a +2 hat of magic resistance (worn)
   (You took it off Gastronok on level 8 of the Dungeon)
 A - a +2 pair of gloves (worn)
   (You found it on level 13 of the Dungeon)
 O - the +7 chain mail of Kavior (worn) {*Drain rN+++ Str+4 Dex+3}
   (You found it on level 3 of the Lair of Beasts)

   It affects your strength (+4).
   It affects your dexterity (+3).
   It renders you almost immune to negative energy.
   It causes draining when unequipped.
Jewellery
 f - a ring of protection from fire (left hand)
   (You found it on level 6 of the Lair of Beasts)
 j - a +4 ring of slaying (right hand)
   (You took it off an orc priest on level 10 of the Dungeon)
 k - an uncursed ring of resist corrosion
   (You found it on level 5 of the Dungeon)
 D - the ring "Gyfimp" {rF++ MR+ Str+2 Stlth+}
   (You acquired it on level 2 of the Orcish Mines)

   [ring of protection from magic]

   It affects your strength (+2).
   It greatly protects you from fire.
   It affects your resistance to hostile enchantments.
   It makes you more stealthy.
 P - an amulet of guardian spirit (around neck)
   (You found it on level 2 of the Lair of Beasts)
Wands
 g - a wand of digging (13)
   (You found it on level 9 of the Dungeon)
 p - a wand of acid (12)
   (You found it on level 9 of the Dungeon)
 G - a wand of paralysis (15)
   (You found it on level 9 of the Dungeon)
 T - a wand of enslavement (21)
   (You found it on level 6 of the Lair of Beasts)
Scrolls
 c - 5 scrolls of fear
 l - 2 scrolls of magic mapping
 r - 8 scrolls of identify
 s - 5 scrolls of fog
 t - 6 scrolls of teleportation
 x - 8 scrolls of remove curse
 z - 4 scrolls of blinking
 B - 2 scrolls of enchant weapon
 E - 3 scrolls of enchant armour
 F - 2 scrolls of immolation
 K - 3 scrolls of vulnerability
Potions
 d - 5 potions of might
 e - 4 potions of mutation
 h - 4 potions of haste
 m - 5 potions of berserk rage
 n - 3 potions of resistance
 q - 12 potions of curing
 w - 6 potions of heal wounds
 H - 3 potions of invisibility
 I - 3 potions of cancellation
 J - 6 potions of lignification
 M - 13 potions of ambrosia
 R - a potion of magic
 S - 5 potions of flight
Miscellaneous
 C - a tin of tremorstones (2/3)
   (You bought it in a shop on level 11 of the Dungeon)


   Skills:
 - Level 15.0 Fighting
 * Level 16.7 Axes
 - Level 8.0 Armour
 - Level 14.2 Dodging
   Level 3.0 Shields
 - Level 6.0 Evocations


You had 15 spell levels left.
You didn't know any spells.
Your spell library was empty.

Dungeon Overview and Level Annotations

Branches:
Dungeon (15/15)            Temple (1/1) D:6            Lair (6/6) D:10
 Shoals (0/4) Lair:4       Spider (2/4) Lair:2        Slime (0/5) Lair:6
    Orc (2/2) D:12            Elf (0/3) Orc:2        Vaults (0/5) D:13
 Depths (0/5) D:15        Volcano (visited)

Altars:
Ashenzari
Cheibriados
Dithmenos
Elyvilon
Fedhas
Gozag
Hepliaklqana
Kikubaaqudgha
Makhleb
Nemelex Xobeh
Okawaru
Qazlal
Ru
Sif Muna
Trog
Uskayaw
Vehumet
Wu Jian
Xom
Yredelemnul
Zin
The Shining One
Jiyva

Shops:
D:5 *   D:11 *   Orc:2 =?[??(

Annotations:
D:3 2 runed translucent doors, Lanoc's ghost, weakling NaBr
D:5 2 runed translucent doors, exclusion: door, Mukuu's ghost, novice GnIE
D:8 1 runed translucent door, Flugslaktarn's ghost, novice DDFi
D:9 exclusion: 2 electric eels
D:11 exclusion: oklob plant
Lair:1 exclusion: oklob plant
Lair:3 1 runed translucent door, Siteim's ghost, journeyman MiAK
Lair:6 exclusion: oklob plant
Spider:1 Arachne
Orc:2 1 runed translucent door, p0werm0de's ghost, journeyman MiFi


Innate Abilities, Weirdness & Mutations

You revert to your normal form in water.
You are very nimble and swift while swimming.
You are very stealthy in the water. (Stealth+)
You are partially covered in large bone plates. (SH +4)
You are mostly covered in thin metallic scales. (AC +3)
Your body sometimes deteriorates upon taking damage.
You are resistant to hostile enchantments. (MR+)
You occasionally shout uncontrollably at your foes.


Message History

You cut Arachne into ribbons!!! You burn Arachne!
Arachne is almost dead.
You feel sick.
Arachne says, "No one escapes my webs."
Arachne points her staff at you, shooting a stream of webbing.
The stream of webbing hits you but does no damage.
You are caught in a web!
You struggle to detach yourself from the web.
You feel sick. Arachne hits you but does no damage. Arachne envenoms you!
* * * LOW HITPOINT WARNING * * *
You are more poisoned.
You struggle to detach yourself from the web.
You feel sick.
Arachne says, "No one escapes my webs."
Arachne hits you but does no damage. Arachne envenoms you!!
* * * LOW HITPOINT WARNING * * *
Your body deteriorates!
You feel clumsy.
You are more poisoned.
Arachne hits you with an uncursed staff of poison!
You die...
Your body crumbles into a pile of gold.

##.#...#......#..#.##...#.#.#.##.
..##.#......#.#..#..#...#....≈≈≈≈
#.....#.##.#.#.#.#..#..#^.#.≈≈≈≈≈
^#.##.#....^..#.#.#.^.#..#≈≈≈≈###
.#....###.#.#.....#..#...≈≈≈###≈#
...#..#.}....#..#......#.≈≈##≈≈≈≈
.#....##.##.###..#.##.#..≈≈#≈≈≈≈≈
...#..!...#..#.#...###.#.≈≈##)≈}≈
###..#.#..#..^.#@#$....#.≈≈≈###≈#
..##.#..#...#..H...#..#.##≈≈≈≈###
......##....#...#.#..#.#.##.≈≈≈≈≈
#...#...#.#....#....#..#.....≈≈≈≈
..#.^.#......#...#^...#..##.#^#..
#^#.#.##.#..#....#.#....#........
##...^..#.....##..##......##.#.#.
..##.#....#.#..#..§..#.#...#..##.
#....#.#.#○.#...#>.##..##.#..####


You could see Arachne.

Vanquished Creatures
  Gastronok (D:8)
  An emperor scorpion (Spider:1)
  An entropy weaver (Spider:1)
  A red draconian (Volcano)
  Snorg (Lair:4)
  2 fire dragons (D:15)
  4 hydras
  Harold (D:7)
  2 vault guards (D:13)
  A catoblepas (D:14)
  2 centaur warriors
  Erica (D:11)
  7 two-headed ogres
  2 tengu warriors (D:12)
  Sonja (Lair:1)
  5 orc high priests (Orc:2)
  5 skeletal warriors (D:14)
  3 unseen horrors
  Pikel (D:8)
  A wizard (D:13)
  3 orb spiders (Spider:1)
  A deep elf archer (D:13)
  A necromancer (D:13)
  An obsidian statue (Volcano)
  A deep elf mage (D:15)
  8 orc knights (Orc:2)
  6 wolf spiders (Spider:1)
  A wolf spider zombie (D:14)
  2 manticores
  4 cyclopes
  5 slime creatures
  6 elephants (Lair:6)
  4 black mambas
  3 torpor snails
  2 gargoyles
  A kobold demonologist (D:15)
  Maggie (D:9)
  12 demonic crawlers (Spider:1)
  27 cane toads
  5 komodo dragons
  3 yaktaurs
  A freezing wraith (D:15)
  A rime drake (shapeshifter) (D:15)
  An efreet (D:15)
  A queen bee (D:12)
  4 trolls
  3 meliai (D:12)
  3 tyrant leeches (Lair:6)
  A polar bear (Lair:5)
  8 jumping spiders
  Prince Ribbit (D:8)
  29 blink frogs
  2 hornets
  A snapping turtle (Lair:4)
  16 hippogriffs
  6 dream sheep
  A centaur simulacrum (D:15)
  A shadow (D:11)
  28 redbacks
  7 tarantellas
  3 wraiths
  A fire elemental (Lair:4)
  30 yaks
  10 wyverns
  11 basilisks
  9 fire bats
  2 steam dragons
  19 humans (D:13)
  9 vampire mosquitoes
  3 wargs
  14 water moccasins
  5 porcupines
  42 orc warriors
  Duvessa (D:7)
  4 ice beasts
  10 sky beasts
  A necrophage (D:7)
  4 phantoms
  4 black bears
  2 hornet zombies
  9 ogres
  21 wolves
  11 centaurs
  A lemure (D:8)
  11 crocodiles
  26 bullfrogs
  An elf skeleton (D:5)
  A big kobold (D:15)
  2 gnoll sergeants
  Dowan (D:7)
  6 scorpions
  A wyvern skeleton (D:9)
  28 killer bees
  21 wights
  4 howler monkeys
  7 electric eels
  6 lava snakes (Volcano)
  2 bullfrog zombies (D:11)
  3 centaur zombies
  A wyvern simulacrum (D:11)
  2 quasits
  4 jellies
  4 bullfrog skeletons
  10 hounds
  40 orc priests
  Crazy Yiuf (D:3)
  19 orc wizards
  2 centaur skeletons (D:11)
  6 iguanas
  17 worker ants
  A hound skeleton (D:9)
  A howler monkey zombie (D:6)
  A worker ant zombie (D:8)
  A howler monkey skeleton (D:8)
  8 gnolls
  17 adders
  3 shadow imps
  3 white imps
  3 ufetubi
  An adder skeleton (D:9)
  An adder zombie (D:9)
  A worm (D:4)
  4 dart slugs
  4 leopard geckos
  87 orcs
  A ball python (D:1)
  3 giant cockroaches
  8 goblins
  3 hobgoblins
  14 jackals
  14 kobolds
  5 quokkas
  8 bats
  7 frilled lizards
  2 leopard gecko skeletons (D:4)
  2 orc skeletons (D:5)
  A quokka zombie (D:9)
  6 rats
917 creatures vanquished.

Vanquished Creatures (others)
  A kobold demonologist (D:15)
  A kobold (D:15)
  A bush (D:10)
  32 fungi
  111 plants
146 creatures vanquished.

Grand Total: 1063 creatures vanquished

Notes
Turn   | Place    | Note
-------+----------+-------------------------------------------
     0 | D:1      | Flugslaktarn the Merfolk Fighter began the quest for the
                  | Orb.
     0 | D:1      | Reached XP level 1. HP: 18/18 MP: 1/1
   223 | D:1      | Reached XP level 2. HP: 19/24 MP: 2/2
   287 | D:1      | Reached skill level 1 in Dodging
   341 | D:1      | Reached skill level 2 in Axes
   452 | D:1      | Reached XP level 3. HP: 24/29 MP: 3/3
  1469 | D:2      | Reached XP level 4. HP: 37/37 MP: 4/4
  1661 | D:2      | Found an ornate altar of the Wu Jian Council.
  1731 | D:2      | Found a radiant altar of Vehumet.
  2192 | D:3      | Found a glowing golden altar of the Shining One.
  2205 | D:3      | Found a bloodstained altar of Trog.
  2234 | D:3      | Reached XP level 5. HP: 42/42 MP: 5/5
  2339 | D:3      | Found a blossoming altar of Fedhas.
  2587 | D:3      | Found a runed translucent door.
  2588 | D:3      | Noticed Crazy Yiuf
  2684 | D:3      | Found a large runed translucent door.
  2684 | D:3      | Found a large runed translucent door.
  2688 | D:3      | Noticed Lanoc's ghost (weakling NaBr)
  2902 | D:3      | Killed Crazy Yiuf
  3728 | D:4      | Reached XP level 6. HP: 43/49 MP: 6/6
  3784 | D:4      | Reached skill level 5 in Dodging
  3786 | D:4      | Reached skill level 3 in Axes
  4123 | D:4      | Reached skill level 5 in Fighting
  4141 | D:4      | Reached XP level 7. HP: 50/56 MP: 7/7
  4351 | D:4      | Found a white marble altar of Elyvilon.
  4798 | D:5      | Entered Level 5 of the Dungeon
  4818 | D:5      | Gained mutation: You have a somewhat thin skeletal
                  | structure. (Dex +2, Stealth) [potion of mutation]
  4818 | D:5      | Gained mutation: You are agile. (Dex +2) [potion of
                  | mutation]
  5285 | D:5      | Found a runed translucent door.
  5292 | D:5      | Noticed Mukuu's ghost (novice GnIE)
  5296 | D:5      | Reached XP level 8. HP: 49/64 MP: 8/8
  5354 | D:5      | Reached skill level 4 in Axes
  5690 | D:5      | Found a runed translucent door.
  5758 | D:5      | Found Baupar's Assorted Antiques.
  5761 | D:5      | Bought a twisted brass ring for 155 gold pieces
  6348 | D:6      | Found a staircase to the Ecumenical Temple.
  6385 | Temple   | Entered the Ecumenical Temple
  6503 | Temple   | Became a worshipper of Gozag Ym Sagoz the Greedy
  6950 | D:6      | Noticed a yak
  6955 | D:6      | Noticed a yak
  6956 | D:6      | Noticed a yak
  6966 | D:6      | Killed a yak
  6970 | D:6      | Killed a yak
  6970 | D:6      | Reached skill level 10 in Dodging
  6970 | D:6      | Reached XP level 9. HP: 39/71 MP: 9/9
  6976 | D:6      | Reached skill level 5 in Axes
  7804 | D:6      | Found a stormy altar of Qazlal.
  7805 | D:6      | Found an iron altar of Okawaru.
  7964 | D:7      | Found a hazy altar of Hepliaklqana.
  7965 | D:7      | Found a shimmering altar of Xom.
  7966 | D:7      | Noticed a spectral ugly thing
  8012 | D:7      | Noticed Duvessa
  8013 | D:7      | Noticed Dowan
  8022 | D:7      | Reached skill level 6 in Axes
  8030 | D:7      | Killed Duvessa
  8033 | D:7      | Killed Dowan
  8246 | D:7      | Found Zin's Purification Station.
  8294 | D:7      | Found a glowing silver altar of Zin.
  8509 | D:7      | Found a basalt altar of Yredelemnul.
  8510 | D:7      | Found a broken altar of Ashenzari.
  8519 | D:7      | Reached XP level 10. HP: 78/80 MP: 10/10
  8524 | D:7      | Found a sparkling altar of Nemelex Xobeh.
  8977 | D:8      | Reached skill level 7 in Axes
  8979 | D:8      | Noticed Prince Ribbit
  8990 | D:8      | Killed Prince Ribbit
  9109 | D:8      | Noticed Gastronok
  9266 | D:8      | Noticed Harold
  9279 | D:7      | Killed Harold
  9952 | D:8      | Killed Gastronok
  9952 | D:8      | Reached skill level 8 in Axes
 10032 | D:8      | Noticed Pikel
 10041 | D:8      | Killed Pikel
 10041 | D:8      | Reached XP level 11. HP: 88/89 MP: 11/11
 10276 | D:8      | Found a runed translucent door.
 10278 | D:8      | Noticed Flugslaktarn's ghost (novice DDFi)
 10340 | D:9      | Noticed Maggie
 10356 | D:9      | Killed Maggie
 10356 | D:9      | Reached skill level 9 in Axes
 10708 | D:9      | Noticed a manticore
 10714 | D:9      | Killed a manticore
 10714 | D:9      | Reached skill level 10 in Fighting
 11339 | D:9      | Noticed a two-headed ogre
 11347 | D:9      | Killed a two-headed ogre
 12351 | D:10     | Entered Level 10 of the Dungeon
 12437 | D:10     | Found a staircase to the Lair.
 12480 | D:10     | Reached skill level 10 in Axes
 12828 | D:10     | Reached XP level 12. HP: 95/99 MP: 12/12
 12855 | D:10     | Noticed a two-headed ogre
 12855 | D:10     | You fall into a shaft and drop 3 floors!
 12927 | D:12     | Noticed a two-headed ogre
 12932 | D:12     | Killed a two-headed ogre
 13705 | D:12     | Noticed an eight-headed hydra
 13707 | D:12     | Reached skill level 11 in Axes
 14086 | D:11     | Reached skill level 1 in Evocations
 14136 | D:11     | Lost mutation: You have a somewhat thin skeletal structure.
                  | (Dex +2, Stealth) [potion of mutation]
 14136 | D:11     | Lost mutation: You are agile. (Dex +2) [potion of mutation]
 14136 | D:11     | Gained mutation: You are frail. (-10% HP) [potion of
                  | mutation]
 14136 | D:11     | Gained mutation: You are clumsy. (Dex -2) [potion of
                  | mutation]
 14136 | D:11     | Gained mutation: Your system is resistant to poisons.
                  | (rPois) [potion of mutation]
 14136 | D:11     | Gained mutation: You are partially covered in yellow
                  | scales. (AC +2) [potion of mutation]
 14137 | D:11     | Lost mutation: You are clumsy. (Dex -2) [potion of
                  | mutation]
 14137 | D:11     | Lost mutation: You are frail. (-10% HP) [potion of
                  | mutation]
 14137 | D:11     | Lost mutation: Your system is resistant to poisons. (rPois)
                  | [potion of mutation]
 14137 | D:11     | Gained mutation: You are agile. (Dex +2) [potion of
                  | mutation]
 14137 | D:11     | Gained mutation: You are very agile. (Dex +4) [potion of
                  | mutation]
 14137 | D:11     | Gained mutation: You are partially covered in slimy green
                  | scales. (AC +2) [potion of mutation]
 14401 | D:10     | Killed a two-headed ogre
 14835 | Lair:1   | Entered Level 1 of the Lair of Beasts
 15206 | Lair:1   | Noticed Sonja
 15223 | Lair:1   | Killed Sonja
 15223 | Lair:1   | Reached skill level 5 in Evocations
 15942 | Lair:2   | Found a hole to the Spider Nest.
 16821 | Lair:3   | Reached XP level 13. HP: 106/106 MP: 13/13
 16855 | Lair:3   | Got a glimmering chain mail
 16866 | Lair:3   | Identified the +7 chain mail of Kavior {*Drain rN+++ Str+4
                  | Dex+3} (You found it on level 3 of the Lair of Beasts)
 17134 | Lair:3   | Found a runed translucent door.
 17137 | Lair:3   | Noticed Siteim's ghost (journeyman MiAK)
 18366 | Lair:4   | Reached skill level 12 in Axes
 18632 | Lair:4   | Found a staircase to the Shoals.
 18689 | Lair:5   | Noticed Snorg
 18698 | Lair:4   | Killed Snorg
 19718 | Lair:6   | Entered Level 6 of the Lair of Beasts
 19729 | Lair:6   | Reached skill level 5 in Armour
 19738 | Lair:6   | Reached XP level 14. HP: 105/116 MP: 6/14
 20004 | Lair:6   | Reached skill level 13 in Axes
 21561 | Lair:6   | Found a viscous altar of Jiyva.
 21561 | Lair:6   | Found a staircase to the Slime Pits.
 22388 | D:11     | Found a bloodstained altar of Trog.
 22569 | D:11     | Found Asuis's Elemental Accessories.
 22577 | D:11     | Bought a tin of tremorstones (3/3) for 440 gold pieces
 22599 | D:11     | Noticed Erica
 22607 | D:11     | Killed Erica
 22982 | D:12     | Found a staircase to the Orcish Mines.
 23078 | D:12     | Reached skill level 14 in Axes
 23179 | D:12     | Reached XP level 15. HP: 84/125 MP: 12/15
 24367 | D:13     | Found a gate to the Vaults.
 25743 | D:15     | Entered Level 15 of the Dungeon
 25913 | D:15     | Identified the +10 long sword of Ruaff {flame, Dex+3}
 26225 | D:15     | Reached skill level 15 in Axes
 26276 | D:15     | Found a staircase to the Depths.
 26687 | Orc:1    | Entered Level 1 of the Orcish Mines
 26749 | Orc:2    | Entered Level 2 of the Orcish Mines
 26872 | Orc:2    | Found a staircase to the Elven Halls.
 27360 | Orc:2    | Found a dark tunnel.
 27369 | Volcano  | Entered a volcano
 27486 | Volcano  | Found a burning altar of Makhleb.
 27707 | Volcano  | Gained mutation: You are frail. (-10% HP) [a neqoxec]
 27718 | Volcano  | Reached XP level 16. HP: 120/120 MP: 16/16
 27848 | Orc:2    | Lost mutation: You are partially covered in slimy green
                  | scales. (AC +2) [potion of mutation]
 27848 | Orc:2    | Lost mutation: You are partially covered in yellow scales.
                  | (AC +2) [potion of mutation]
 27848 | Orc:2    | Gained mutation: You occasionally shout uncontrollably at
                  | your foes. [potion of mutation]
 27848 | Orc:2    | Gained mutation: You are resistant to hostile enchantments.
                  | (MR+) [potion of mutation]
 27848 | Orc:2    | Gained mutation: You are partially covered in large bone
                  | plates. (SH +4) [potion of mutation]
 27849 | Orc:2    | Lost mutation: You are frail. (-10% HP) [potion of
                  | mutation]
 27849 | Orc:2    | Lost mutation: You are very agile. (Dex +4) [potion of
                  | mutation]
 27849 | Orc:2    | Lost mutation: You are agile. (Dex +2) [potion of mutation]
 27849 | Orc:2    | Gained mutation: Your body sometimes deteriorates upon
                  | taking damage. [potion of mutation]
 27849 | Orc:2    | Gained mutation: You are partially covered in thin metallic
                  | scales. (AC +2) [potion of mutation]
 27849 | Orc:2    | Gained mutation: You are mostly covered in thin metallic
                  | scales. (AC +3) [potion of mutation]
 27969 | Orc:2    | Found a runed translucent door.
 27970 | Orc:2    | Found a shimmering altar of Xom.
 27970 | Orc:2    | Noticed p0werm0de's ghost (journeyman MiFi)
 28461 | Orc:2    | Reached skill level 15 in Fighting
 29222 | Orc:2    | Found Rijele's Weapon Shop.
 29225 | Orc:2    | Found Taeroj's Magic Scroll Shop.
 29226 | Orc:2    | Found Xuwumugo's Jewellery Shop.
 29227 | Orc:2    | Found Exzoxihy's Magic Scroll Boutique.
 29235 | Orc:2    | Bought a scroll of enchant weapon for 105 gold pieces
 29235 | Orc:2    | Bought a scroll of acquirement for 728 gold pieces
 29235 | Orc:2    | Acquired the ring "Gyfimp" {rF++ MR+ Str+2 Stlth+}
 29241 | Orc:2    | Bought a scroll of enchant armour for 120 gold pieces
 29241 | Orc:2    | Bought a scroll of teleportation for 48 gold pieces
 29248 | Orc:2    | Bought a scroll of enchant weapon for 142 gold pieces
 29248 | Orc:2    | Bought a scroll of enchant weapon for 142 gold pieces
 29248 | Orc:2    | Bought a scroll of enchant armour for 142 gold pieces
 29248 | Orc:2    | Bought a scroll of enchant armour for 142 gold pieces
 29248 | Orc:2    | Bought a scroll of blinking for 142 gold pieces
 29248 | Orc:2    | Bought a scroll of blinking for 142 gold pieces
 29506 | Spider:1 | Entered Level 1 of the Spider Nest
 29770 | Spider:1 | Reached skill level 16 in Axes
 30923 | Spider:2 | Noticed Arachne
 31392 | Spider:1 | HP: 5/136 [Arachne/uncursed staff of poison (24)]
 31392 | Spider:1 | Slain by Arachne

Illustrated notes

Levels and vault maps discovered:
D:1:      co_arrival_hexagon_in_a_hexagon, layout_basic
D:2:      layout_basic, lemuel_coloured_pillars_altar, lemuel_doored_altar
D:3:      layout_loops_ring, lemuel_crystal_altar, bloody_trog,
          ebering_ghost_disaster_area, fedhas_altar_2, uniq_crazy_yiuf_cottage
D:4:      layout_loops_ring, elyvilon_altar_5, minmay_misc_feat_columns,
          minmay_fractal_squares_5
D:5:      layout_loops_ring, serial_shops, nicolae_shop_behind_doors,
          ebering_ghost_sewer_f, nicolae_ossuary_entry_catacombs
D:6:      layout_loops_cross, gammafunk_temple_overflow_pools,
          minmay_temple_entry_offerings, kennysheep_nub, grunt_decor_arrowhead
D:7:      layout_basic, regret_index_temple_of_mockery, zin_purify,
          gammafunk_temple_overflow_forgotten, uniq_duvessa
D:8:      layout_rooms, ebering_ghost_inner_flame, nicolae_two_hexagons,
          uniq_gastronok, uniq_harold, uniq_prince_ribbit1, uniq_pikel
D:9:      minmay_imperfect_grid, layout_basic, minivault_20, sword_in_stone,
          uniq_maggie
D:10:     layout_loops_cross, minmay_lair_entry_grove
D:11:     layout_roguey, hangedman_weighted_door, nicolae_elemental_shop,
          lemuel_oklob_altar, uniq_erica
D:12:     layout_roguey [special_room_bee], david_orc_3, grunt_ogre_cave,
          minmay_misc_feat_square
D:13:     layout_gridville, grunt_vaults_entry_tiered, serial_rivers,
          chequers_serial_rivers_marsh, chequers_serial_rivers_small_a,
          chequers_serial_rivers_micro_b, chequers_serial_rivers_marsh
D:14:     layout_loops_ring, minmay_staircase_windowed_large
D:15:     grunt_enter_depths_hoard, layout_rooms
Temple:   compressed_dpeg_triangle_lava_temple
Lair:1:   statuecave_lemuel, layout_chaotic_city, infiniplex_staircase_pool,
          serial_bayou_shore_b, minmay_lair_oklob_chamber, uniq_sonja
Lair:2:   layout_chaotic_city, spider_nest_entry_funnel_web
Lair:3:   layout_loops_ring, hellmonk_ghost_happy_afterlife
Lair:4:   layout_gridlike, minmay_shoals_entry_hut, gauntlet_entry_generic,
          special_room [special_room_mythical_zoo],
          nicolae_quartered_pool_medium
Lair:5:   layout_regular_city, grunt_megastairs_4, uniq_snorg
Lair:6:   minmay_lair_end_frog_pond, layout_gridlike, slime_altar_1,
          minmay_lair_oklob_bushes
Spider:1: layout_spider_delve, worms_lemuel
Spider:2: layout_spider_delve, uniq_arachne
Orc:1:    layout_diamond_mine, serial_shops, shop, nicolae_shop_trees,
          nicolae_shop_crystal, shop
Orc:2:    st_orc_pillars, layout_caves, ebering_ghost_xom,
          nicolae_volcano_entry_batcave, nicolae_orc_flooded_monolith

Skill      XL: |  1  2  3  4  5  6  7  8  9 10 11 12 13 14 15 16 |
---------------+-------------------------------------------------+-----
Dodging        | 1 2 3 4 6 7 10 11 12 13 14 | 14.2
Axes           | 2 3 4 6 8 10 11 12 14 15 16 | 16.7
Fighting       | 4 5 6 8 9 10 11 12 13 14 15 | 15.0
Evocations     | 6 |  6.0
Armour         | 5 6 8 |  8.0
Shields        | |  3.0

Action                   |  1- 3 |  4- 6 |  7- 9 | 10-12 | 13-15 | 16-18 || total
-------------------------+-------+-------+-------+-------+-------+-------++-------
Melee: War axe           |    98 |   140 |   187 |       |       |       ||   425
       Battleaxe         |       |       |   137 |   594 |   951 |   303 ||  1985
       Tailslap          |       |       |       |     7 |     4 |     5 ||    16
Invok: Potion Petition   |       |       |       |       |     1 |     1 ||     2
       Call Merchant     |       |       |       |       |       |     2 ||     2
Evoke: Wand              |       |       |       |     4 |     3 |       ||     7
       Tin of tremorston |       |       |       |       |       |     3 ||     3
  Use: Scroll            |       |    13 |    10 |     9 |    17 |     5 ||    54
       Potion            |       |       |     1 |     7 |       |     6 ||    14
 Stab: Distracted        |       |       |     4 |     8 |    12 |     4 ||    28
       Sleeping          |       |       |       |     5 |       |       ||     5
       Paralysed         |       |       |       |     2 |       |       ||     2
Armor: Scale mail        |    51 |    57 |   122 |   200 |    12 |       ||   442
       Skin              |       |       |       |     4 |       |       ||     4
       Chain mail        |       |       |       |       |   456 |   182 ||   638
Dodge: Dodged            |    49 |    58 |   226 |   652 |  1043 |   285 ||  2313
Block: Kite shield       |    68 |    75 |    90 |       |       |       ||   233
       Other             |       |       |       |       |       |    61 ||    61

Table legend: (Time is in decaauts)
 A = Elapsed time spent in this place.
 B = Non-inter-level travel time spent in this place.
 C = Inter-level travel time spent in this place.
 D = Time resting spent in this place.
 E = Time spent auto-exploring this place.
 F = Levels seen in this place.
 G = Mean time per level.
                   A        B        C        D        E       F      G
               +--------+--------+--------+--------+--------+-----+--------+
         Total |  31653 |  30299 |   1354 |   3952 |  20737 |  27 | 1172.3 |
       Dungeon |  19756 |  18818 |    938 |   2601 |  12770 |  15 | 1317.1 |
        Temple |    129 |    109 |     20 |      0 |     74 |   1 |  129.0 |
          Lair |   7232 |   6968 |    264 |    414 |   5469 |   6 | 1205.3 |
   Spider Nest |   1861 |   1836 |     25 |    397 |   1151 |   2 |  930.5 |
  Orcish Mines |   2225 |   2120 |    105 |    513 |    989 |   2 | 1112.5 |
       Volcano |    448 |    448 |      0 |     27 |    282 |   1 |  448.0 |
               +--------+--------+--------+--------+--------+-----+--------+

Top non-repeatable levels by time:
     D:9: 2047 daAuts
     D:3: 1934 daAuts
  Lair:6: 1931 daAuts
    D:12: 1905 daAuts
Spider:1: 1838 daAuts
     D:7: 1684 daAuts
   Orc:2: 1679 daAuts
     D:5: 1584 daAuts
     D:6: 1514 daAuts
  Lair:4: 1421 daAuts
     D:1: 1346 daAuts
    D:10: 1304 daAuts
  Lair:5: 1227 daAuts
    D:14: 1189 daAuts
  Lair:1: 1057 daAuts
